 Dungeon Crawl Stone Soup version 0.21-a0-352-g5b8f553 (webtiles) character file.

401 zero the Chopper (level 6, -11/57 HPs)
             Began as a Deep Dwarf Fighter on Oct 11, 2017.
             Mangled by an ogre
             ... wielding a +0 giant club
              (23 damage)
             ... on level 4 of the Dungeon.
             The game lasted 00:03:39 (3025 turns).

zero the Chopper (Deep Dwarf Fighter)               Turns: 3025, Time: 00:03:40

Health: -11/57     AC: 10    Str: 21    XL:     6   Next: 54%
Magic:  4/4        EV:  5    Int:  9    God:
Gold:   277        SH: 10    Dex: 12    Spells: 5/5 levels left

rFire    . . .     SeeInvis .   a - +1 war axe
rCold    . . .     Gourm    .   c - +0 shield
rNeg     . . .     Faith    .   k - +0 chain mail
rPois    +         Spirit   .   (no helmet)
rElec    .         Reflect  .   w - +0 cloak
rCorr    .         Harm     .   (no gloves)
MR       .....                  (no boots)
Stlth    ..........             (no amulet)
HPRegen  0.00/turn              b - ring of poison resistance
MPRegen  0.09/turn              (no ring)

@: non-regenerating, drained
A: damage resistance, heal wounds, sense surroundings 1, no regeneration
a: Heal Wounds


You were on level 4 of the Dungeon.
You were not hungry.

You visited 1 branch of the dungeon, and saw 4 of its levels.

You collected 277 gold pieces.

Inventory:

Hand Weapons
 a - a +1 war axe (weapon)
Armour
 c - a +0 shield (worn)
 k - a +0 chain mail (worn)
 w - a +0 cloak (worn)
Jewellery
 b - a ring of poison resistance (left hand)
Scrolls
 j - 2 scrolls of teleportation
 q - 2 scrolls of immolation
Potions
 d - 2 potions of might
 i - 2 potions of flight
 n - 2 potions of curing
 p - a potion of heal wounds
 s - a potion of haste
 t - a potion of degeneration {unknown}
 u - a potion of berserk rage {unknown}
Comestibles
 f - a bread ration
 g - 3 chunks of flesh
 l - a meat ration


   Skills:
 + Level 3.8(3.6) Fighting
 * Level 5.1(4.9) Axes
 + Level 4.6(4.4) Armour
 + Level 4.6(4.4) Shields


You had 5 spell levels left.
You didn't know any spells.

Dungeon Overview and Level Annotations

Branches:
Dungeon (4/15)
 Temple: D:4-7

Altars:


Innate Abilities, Weirdness & Mutations

You are resistant to damage.
You can heal yourself by infusing magical energy.
You passively map a small area around you.
You do not regenerate.


Message History

You feel much better.
You feel much better. You block the ogre's attack.
You barely miss the ogre. The ogre hits you with a giant club!
You slash the ogre!
The ogre is heavily wounded.
The ogre hits you with a giant club!
Your shield and chain mail prevent you from hitting the ogre.
The ogre is heavily wounded.
The ogre hits you with a giant club!!
* * * LOW HITPOINT WARNING * * *
Your chain mail prevents you from hitting the ogre.
The ogre is heavily wounded.
The ogre hits you but does no damage.
You hit the ogre.
The ogre is severely wounded.
You block the ogre's attack. The ogre hits you but does no damage.
You hit the ogre.
The ogre is severely wounded.
The ogre hits you with a giant club!!
You die...

+ * , , * *, ,
** , * ,* * * **
, , , , ,*
###########..
,*,#.....O......
* , * #.##[@#* *
,* #..<..# * , ,
,#..#..# *
#?.#..# *
#..#.?# *
...#..# .##.#..#
, ## #!#..# * #.
.!#


You could see an ogre.

Vanquished Creatures
  3 big kobolds (D:3)
  Crazy Yiuf (D:3)
  7 gnolls
  An adder (D:2)
  2 dart slugs (D:2)
  2 leopard geckos
  2 orcs (D:3)
  A ball python (D:2)
  3 bats
  3 giant cockroaches
  5 goblins
  16 hobgoblins
  2 quokkas
  3 frilled lizards
  37 kobolds
  5 rats
93 creatures vanquished.

Notes
Turn   | Place    | Note
-------+----------+-------------------------------------------
     0 | D:1      | zero the Deep Dwarf Fighter began the quest for the Orb.
     0 | D:1      | Reached XP level 1. HP: 20/20 MP: 1/1
   477 | D:1      | Reached XP level 2. HP: 21/27 MP: 2/2
   897 | D:2      | Reached skill level 3 in Axes
   897 | D:2      | Reached XP level 3. HP: 20/34 MP: 3/3
  1131 | D:2      | Reached XP level 4. HP: 35/42 MP: 4/4
  2258 | D:3      | Noticed a big kobold
  2278 | D:3      | Killed a big kobold
  2278 | D:3      | Reached skill level 4 in Axes
  2278 | D:3      | Reached XP level 5. HP: 36/49 MP: 5/5
  2418 | D:3      | Reached XP level 6. HP: 36/56 MP: 6/6
  2440 | D:3      | Reached skill level 5 in Axes
  2613 | D:3      | Found a runed door.
  2904 | D:3      | Noticed Crazy Yiuf
  2908 | D:3      | Paralysed by Crazy Yiuf for 7 turns
  2925 | D:3      | Killed Crazy Yiuf
  3025 | D:4      | Mangled by an ogre

Vault maps used:
D:1:      dpeg_arrival_rhombus
D:2:      minmay_misc_feat_iff
D:3:      minmay_goblin_kobold_castle, uniq_crazy_yiuf_cottage
D:4:      nicolae_overflow_crystal_walls, zin_academy,
          minmay_temple_entry_fiery, first_bread, uniq_robin

Skill      XL: |  1  2  3  4  5  6 |
---------------+-------------------+-----
Fighting       | 3 |  3.8
Axes           | 3 4 5 |  5.1
Armour         | 4 |  4.6
Shields        | 4 |  4.6

Action                   |  1- 3 |  4- 6 || total
-------------------------+-------+-------++-------
Melee: War axe           |   116 |   190 ||   306
 Abil: Heal Wounds       |     2 |     5 ||     7
  Use: Scroll            |       |    10 ||    10
  Eat: Chunk             |     1 |     4 ||     5
       Fruit             |       |     3 ||     3
Armor: Scale mail        |    22 |       ||    22
       Chain mail        |    42 |   124 ||   166
Dodge: Dodged            |    28 |    41 ||    69
Block: Shield            |    66 |   123 ||   189

Table legend:
 A = Spawn XP
 B = Non-spawn XP
 C = Spawn XP percentage of total XP
 D = Spawn monster count
 E = Non-spawn monster count
 F = Spawn count percentage of total count
 G = Total turns spent on level
                    A         B        C        D         E        F      G
               +---------+---------+-------+---------+---------+-------+---------
         Total |       0 |     573 |   0.0 |       0 |      93 |   0.0 |  3025
               +---------+---------+-------+---------+---------+-------+---------
           D:1 |       0 |      20 |   0.0 |       0 |      12 |   0.0 |   789
           D:2 |       0 |      99 |   0.0 |       0 |      26 |   0.0 |   983
           D:3 |       0 |     454 |   0.0 |       0 |      55 |   0.0 |  1242
               +---------+---------+-------+---------+---------+-------+---------
